[Event "Early-Titled-Tuesday-Blitz-February-20-2024"]
[Site "Chess.com"]
[Date "2024.02.20"]
[Round "8"]
[White "Maftuna2303"]
[Black "cukin84"]
[Result "0-1"]
[WhiteElo "2396"]
[BlackElo "2243"]
[TimeControl "180+1"]
[EndTime "9:31:36 PST"]
[Termination "cukin84 won by checkmate"]

1. e4 c6 2. d4 d5 3. Nd2 a6 4. Ngf3 Bg4 5. Be2 e6 6. h3 Bh5 7. O-O Nf6 8. e5 Nfd7 9. c3 c5 10. Ne1 Bxe2 11. Qxe2 Nc6 12. Nc2 b5 13. f4 cxd4 14.
Nxd4 Qb6 15. Nf3 Bc5 16. Be3 g6 17. b4 Bxd4 18. Nxd4 Ne7 19. Nf5 Qc7 20. Nd6+ Kf8 21. Bd4 Nf5 22. Rac1 h5 23. Qf2 Rg8 24. g4 hxg4 25.
hxg4 Nxd6 26. exd6 Qxd6 27. Qh4 Rc8 28. Rce1 Rc4 29.
Qh6+ Ke8 30. Qh7 Rf8 31. Bg7 Qb6+ 32. Kh1 Qc7 33. f5 gxf5 34. gxf5 Qg3 35. Bd4 Nf6 36. Qh2 Qxh2+ 37. Kxh2 Rh8+ 38. Kg2 Rg8+ 39. Kh3 Ne4 40. fxe6 fxe6 41. Rg1 Rf8 42. Rg7 e5 43. Bxe5 Kd8 44. Ra7 Rf3+ 45. Kg2 Rf2+ 46. Kg1 Rf5 47. Bd4 Nd2 48. Ree7 Nf3+ 49. Kg2 Nxd4 50. Rh7 Rg5+ 51. Kf2 Rf5+ 52. Kg3 Ne2+ 53. Kg2 Rg4+ 54. Kh3 Rg3+ 55.
Kh2 Rf2+ 56. Kh1 Rg1# 0-1

[Event "Early-Titled-Tuesday-Blitz-February-20-2024"]
[Site "Chess.com"]
[Date "2024.02.20"]
[Round "8"]
[White "ikhasu"]
[Black "viktorskliarov"]
[Result "0-1"]
[WhiteElo "2443"]
[BlackElo "2582"]
[TimeControl "180+1"]
[EndTime "9:31:37 PST"]
[Termination "viktorskliarov won on time"]

1. d4 Nf6 2. Bf4 d5 3. e3 c5 4. Nf3 Nc6 5. Nbd2 a6 6. c3 Bg4 7. Bd3 e6 8. O-O Bd6 9. dxc5 Bxc5 10. Qe2 e5 11. Bg5 e4 12. Bxe4 dxe4 13. Nxe4 Be7 14. Rad1 Qa5 15. b4 Qb5 16. c4 Qf5 17.
Bxf6 Qxe4 18. Bxe7 Qxe7 19. h3 Bxf3 20. Qxf3 Nxb4 21.
Rd4 O-O 22. Rfd1 Nc6 23. Rd7 Qb4 24. Qe4 Rae8 25. Qf4 b5 26. Rc7 Na5 27. Rdd7 Qb1+ 28.
Kh2 Qg6 29. cxb5 axb5 30. Rc5 Qe6 31. Rdd5 Nb7 32. Rxb5 Nd8 33. Re5 Qd7 34. Rbd5 Qc7 35. Rxe8 Qxf4+ 36. exf4 Rxe8 37. a4 Ne6 38. f5 Nf4 39.
Rd4 Ne2 40. Rc4 h5 41. a5 Ra8 42. Rc5 Nd4 43. Kg3 Nb3 44. Rb5 Nxa5 45. Kh4 Nc6 46. Kxh5 Nd4 47. Rd5 Ra4 48. Kg5 Nc6 49. f4 Ne7 50. Rd8+ Kh7 51. Rd7 Re4 52. Kg4 Ng8 53. Kf3 Re7 54. Rd6 Nf6 55. g4 Ra7 56. g5 Ra3+ 0-1

[Event "Early-Titled-Tuesday-Blitz-February-20-2024"]
[Site "Chess.com"]
[Date "2024.02.20"]
[Round "8"]
[White "KuzubovYuriy"]
[Black "DreamsAreFake"]
[Result "1-0"]
[WhiteElo "2956"]
[BlackElo "2766"]
[TimeControl "180+1"]
[EndTime "9:31:40 PST"]
[Termination "KuzubovYuriy won by resignation"]

1. d4 Nf6 2. Nf3 b6 3. c4 Bb7 4. g3 g6 5. Nc3 Bg7 6. Bg2 Ne4 7. Nxe4 Bxe4 8. O-O O-O 9. Qb3 c5 10. dxc5 bxc5 11.
Qe3 Bc6 12. Qxc5 d6 13. Qa3 a5 14. Bd2 Qc7 15. Bc3 Bxc3 16. Qxc3 Nd7 17. Rac1 a4 18. b4 axb3 19. axb3 Ra3 20. Ra1 Rfa8 21. Rxa3 Rxa3 22. Ra1 Qa7 23. Rxa3 Qxa3 24. Nd2 Bxg2 25. Kxg2 Nc5 26. g4 h6 27. h4 Kh7 28. f3 Kg8 29. Qe3 Qb2 30. Kf2 Kg7 31. Nf1 e6 32. Nd2 e5 33.
f4 f6 34. fxe5 fxe5 35. g5 Qc1 36. gxh6+ Kh7 37. Nf3 Qh1 38. Ng5+ Kh8 39. Qg3 Nd7 40. Nf3 Kh7 41. Qg5 Nc5 42. Qe7+ Kxh6 43. Qf8+ Kh5 44.
Qh8+ Kg4 45. Qc8+ Kh5 46. Ke3 Qc1+ 47. Kf2 Ne4+ 48. Kg2 Qf4 49. Qh8+ Kg4 50. Nh2+ Kf5 51. Qf8+ Nf6 52. Qc8+ Ke4 53. Qc6+ Ke3 54. Qf3+ Qxf3+ 55. exf3 Kd3 56. Ng4 Nh5 57. c5 dxc5 58. Nxe5+ Kc3 59.
Nd7 Nf4+ 60. Kg3 Ne6 61. Ne5 Kxb3 62. Nxg6 c4 63. Ne5 c3 64. Nd3 c2 65. h5 Kc3 66.
Nc1 Nd4 67. h6 Kb2 68. h7 Kxc1 69. h8=Q Ne2+ 70. Kf2 Kd2 71. Qd8+ Kc3 72. Kxe2 1-0

[Event "Early-Titled-Tuesday-Blitz-February-20-2024"]
[Site "Chess.com"]
[Date "2024.02.20"]
[Round "8"]
[White "ploxoi"]
[Black "Maxfan2008"]
[Result "1-0"]
[WhiteElo "2456"]
[BlackElo "2544"]
[TimeControl "180+1"]
[EndTime "9:31:41 PST"]
[Termination "ploxoi won by checkmate"]

1. d4 d5 2. c4 c6 3. Nf3 Nf6 4. e3 e6 5. b3 Nbd7 6. Bd3 Be7 7. O-O O-O 8. Bb2 h6 9. Nc3 b6 10. Qe2 Bb7 11. Rad1 Rc8 12. e4 dxe4 13. Nxe4 Qc7 14. Rfe1 Rfe8 15. Nxf6+ Bxf6 16. Qe4 Nf8 17. Qe3 c5 18.
Be4 Rcd8 19. Bxb7 Qxb7 20. Ne5 cxd4 21. Bxd4 Be7 22. Rd3 f6 23. Ng4 h5 24. Nh6+ gxh6 25. Qxh6 Rxd4 26. Rxd4 Bc5 27. Rd3 Qh7 28. Rg3+ Kf7 29.
Qxh7+ Nxh7 30. Rd1 Nf8 31. Rh3 Kg6 32. Rg3+ Kh6 33. Rgd3 Be7 34. f4 Kg6 35. Kf2 Kf5 36. Kf3 e5 37. Re1 Bb4 38. Re4 Ne6 39. Rd5 Bc5 40.
h4 Bd4 41. Rd7 Nc5 42. Rdxd4 Nxe4 43. Rxe4 Rd8 44. fxe5 Rd3+ 45. Re3 Rxe3+ 46. Kxe3 fxe5 47. b4 e4 48. g3 Ke5 49. a3 a6 50. a4 a5 51. b5 Kf5 52. Kd4 e3 53. Kxe3 Ke5 54.
Kd3 Kf5 55. Kd4 Kg4 56. c5 Kxg3 57. cxb6 Kxh4 58. b7 Kg3 59. b8=Q+ Kg2 60. Qa7 h4 61. Qxa5 h3 62. Qc7 h2 63. Qxh2+ Kxh2 64. b6 Kg1 65. b7 Kf1 66. b8=Q Ke1 67. a5 Kd1 68. a6 Ke1 69. a7 Kd1 70. a8=Q Ke1 71. Qh1+ Kd2 72.
Qb2# 1-0

[Event "Early-Titled-Tuesday-Blitz-February-20-2024"]
[Site "Chess.com"]
[Date "2024.02.20"]
[Round "8"]
[White "Joachim100x"]
[Black "ATM622"]
[Result "1-0"]
[WhiteElo "2342"]
[BlackElo "2469"]
[TimeControl "180+1"]
[EndTime "9:31:41 PST"]
[Termination "Joachim100x won by resignation"]

1. Nf3 Nf6 2. d4 e6 3. g3 d5 4.
Bg2 Be7 5. O-O O-O 6. c4 dxc4 7. Ne5 c5 8. dxc5 Bxc5 9. Nxc4 Qc7 10. Qb3 Nc6 11. Bf4 e5 12. Be3 Bxe3 13. Qxe3 Nd4 14. Nba3 Ng4 15. Qe4 Bf5 16. Qxb7 Nxe2+ 17. Kh1 Qc5 18. Qf3 e4 19. Qxe2 Rfe8 20. Ne3 Nh6 21. Nxf5 Nxf5 22. Rac1 Qe5 23. Nc4 Qf6 24. Rcd1 Rac8 25.
b3 a5 26. Bxe4 Nd4 27. Qe3 Nc2 28. Qd3 Nb4 29. Qb1 h5 30. a3 Na2 31. Qxa2 Rxe4 32. f3 Re6 33. a4 h4 34. Qg2 Qc3 35. Rb1 hxg3 36. Qxg3 Rg6 37. Qf2 Re8 38. Qd2 Qf6 39.
Rbe1 Rd8 40. Qe3 Qh4 41. Qf2 Qh3 42. Ne5 Re6 43. Qg2 Qf5 44. f4 Rd4 45. Qf2 Rb4 46. Re3 Rb8 47. Rfe1 Rbe8 48. Nc4 Rxe3 49. Rxe3 Qd5+ 50.
Kg1 Rd8 51. Ne5 Qd1+ 52. Re1 Qd5 53. Qe3 Qe6 54. Qf3 Re8 55. Rf1 Qb6+ 56. Kg2 Rd8 57. Rf2 Qd4 58. Ng4 Qd6 59. f5 Qc5 60. f6 Qg5 61. Qg3 gxf6 62. Nxf6+ 1-0

[Event "Early-Titled-Tuesday-Blitz-February-20-2024"]
[Site "Chess.com"]
[Date "2024.02.20"]
[Round "8"]
[White "JonaszBaum"]
[Black "VitaliyBernadskiy"]
[Result "1-0"]
[WhiteElo "2711"]
[BlackElo "2860"]
[TimeControl "180+1"]
[EndTime "9:31:43 PST"]
[Termination "JonaszBaum won by resignation"]

1. Nf3 b6 2. c4 e6 3. e4 Bb7 4.
Nc3 Bb4 5. Qc2 Ne7 6. a3 Bxc3 7. dxc3 O-O 8. Bd3 d6 9. O-O e5 10. b4 Nd7 11. Be3 c5 12. Rfd1 Ng6 13. Nd2 Nf4 14.
Nf1 Qe7 15. f3 h5 16. Bf2 Qg5 17. Ne3 g6 18. h4 Qf6 19. Kh2 Rfe8 20. Nd5 Bxd5 21.
cxd5 Nxd3 22. Qxd3 Qd8 23. Qa6 Qc7 24. Rdc1 Kh7 25.
a4 Rf8 26. a5 Rab8 27. axb6 axb6 28. Qb5 Rbc8 29. Rd1 f5 30. Qc6 fxe4 31. Qxc7 Rxc7 32. Kg3 exf3 33. gxf3 cxb4 34. cxb4 Rc3 35. Kg2 Rcxf3 36. Bg3 R3f7 37. Ra6 Rc8 38. Ra7 Kg7 39. Rda1 Rc2+ 40.
Kh3 Nf6 41. Rxf7+ Kxf7 42. Ra7+ Kf8 43. Rb7 Nxd5 44. Rd7 Nf4+ 45. Bxf4 exf4 46. Rxd6 Kf7 47. Rxb6 Rc3+ 48. Kg2 Rg3+ 49. Kf2 Rg4 50. b5 Rxh4 51. Rc6 Rh2+ 52. Kf3 g5 53. Ke4 h4 54. b6 Rb2 55.
Kf5 h3 56. Rc7+ Ke8 57. b7 h2 58. Rh7 f3 59. Rxh2 Rxb7 60. Rh8+ Kd7 61. Kg4 f2 62. Rf8 Rb4+ 63. Kxg5 Rf4 64. Rxf4 1-0

[Event "Early-Titled-Tuesday-Blitz-February-20-2024"]
[Site "Chess.com"]
[Date "2024.02.20"]
[Round "8"]
[White "PedroGil25"]
[Black "baki83"]
[Result "1-0"]
[WhiteElo "2516"]
[BlackElo "2862"]
[TimeControl "180+1"]
[EndTime "9:31:44 PST"]
[Termination "PedroGil25 won by checkmate"]

1. e4 c5 2. Nf3 Nc6 3. Bb5 e5 4. O-O Nge7 5. c3 a6 6. Ba4 Ng6 7. d4 cxd4 8. cxd4 exd4 9. Nxd4 Bc5 10. Nf5 O-O 11. Nc3 b5 12. Bc2 Bb7 13. Qg4 Nd4 14. Bd3 Nxf5 15. Qxf5 Bd4 16. Bf4 Nxf4 17. Qxf4 Qf6 18.
Qxf6 Bxf6 19. Rfd1 b4 20. Na4 Bc6 21. Bc2 Rac8 22. Nb6 Rc7 23. Rab1 Rb8 24. Nc4 Bxe4 25. Bxe4 Rxc4 26. Bd3 Rc6 27. b3 d6 28. Bc4 Be5 29.
g3 g5 30. Rd5 Kg7 31. Rbd1 Rbc8 32. Ra5 Rb6 33. Rd2 Rcc6 34. Kg2 h6 35. h3 Kf6 36.
Kf3 Ke7 37. Ke4 Bc3 38. Re2 Be5 39. f4 gxf4 40. gxf4 Bc3 41. Kd3+ Kf8 42. Rf5 Rc7 43. Re6 Rcb7 44. Rxh6 d5 45. Bxd5 Rxh6 46. Bxb7 Rxh3+ 47. Kc4 Rh2 48. Bd5 f6 49. a4 bxa3 50. Kxc3 Ke7 51.
b4 a2 52. Bxa2 Rxa2 53. Rc5 Ra3+ 54. Kd4 Rf3 55. Ke4 Rb3 56. Rc7+ Kd6 57. Ra7 Rxb4+ 58. Kf5 Ra4 59. Rf7 a5 60. Rxf6+ Kc5 61. Ra6 Kb5 62.
Ra8 Rc4 63. Kg6 Rc6+ 64. Kg5 a4 65. f5 Kb4 66. f6 Rc5+ 67. Kg6 Rc1 68. f7 Rg1+ 69. Kf5 Rf1+ 70. Ke6 Re1+ 71. Kd5 Rd1+ 72. Ke4 Rf1 73. f8=Q+ Rxf8 74. Rxf8 a3 75. Kd3 Kb3 76. Rb8+ Ka2 77. Kc3 Ka1 78. Rh8 Ka2 79. Rh2+ Kb1 80.
Kb3 a2 81. Rh1# 1-0

[Event "Early-Titled-Tuesday-Blitz-February-20-2024"]
[Site "Chess.com"]
[Date "2024.02.20"]
[Round "8"]
[White "Hovik_Hayrapetyan"]
[Black "wonderfultime"]
[Result "1-0"]
[WhiteElo "2913"]
[BlackElo "3056"]
[TimeControl "180+1"]
[EndTime "9:31:46 PST"]
[Termination "Hovik_Hayrapetyan won by checkmate"]

1. d4 d5 2. c4 c6 3. Nf3 Nf6 4. Nc3 a6 5. e3 Bf5 6. Nh4 Be4 7. f3 Bg6 8. Qb3 Ra7 9. cxd5 cxd5 10.
Bd2 e6 11. Rc1 Be7 12. Nxg6 hxg6 13. Na4 Nbd7 14. Nc5 Nxc5 15. dxc5 O-O 16. Qb6 Qb8 17. Qa5 Rc8 18. b4 Nd7 19. Be2 b6 20. cxb6 Rxc1+ 21. Bxc1 Nxb6 22. Bd2 Nc4 23. Bxc4 dxc4 24. O-O Rd7 25.
Bc3 Rd3 26. Be5 Qc8 27. Rc1 Rd5 28. Qc7 Qe8 29. Bd4 Bd8 30. Qxc4 Qa4 31. Qb3 Qd7 32. Rc4 e5 33. Bc3 Rd1+ 34. Kf2 Qd3 35. Be1 Qd7 36. Rc7 Qxc7 37. Qxd1 Bh4+ 38. g3 Be7 39. a4 Qc4 40. Qe2 Qc6 41. b5 axb5 42. Qxb5 Qc2+ 43. Kf1 Bc5 44. a5 Bxe3 45. a6 Qxh2 46. Qe8+ Kh7 47. Qxe5 Qg1+ 48. Ke2 Ba7 49. Kd3 Qf1+ 50. Qe2 Qg1 51.
f4 Qc5 52. Qe4 Qb5+ 53. Qc4 Qb1+ 54. Ke2 f5 55. Bd2 Qg1 56. Qd3 Qg2+ 57. Kd1 Qg1+ 58. Kc2 Kh6 59. Bc3 Qf2+ 60. Kb3 Qb6+ 61. Kc2 Qc6 62. Qd8 Kh5 63. Qg5# 1-0

[Event "Early-Titled-Tuesday-Blitz-February-20-2024"]
[Site "Chess.com"]
[Date "2024.02.20"]
[Round "8"]
[White "CM_rui"]
[Black "vovachesss"]
[Result "1/2-1/2"]
[WhiteElo "2616"]
[BlackElo "2805"]
[TimeControl "180+1"]
[EndTime "9:31:46 PST"]
[Termination "Game drawn by repetition"]

1. e4 c5 2. Nf3 e6 3. c4 Nc6 4. d4 cxd4 5. Nxd4 Bb4+ 6. Nc3 Nf6 7. Nxc6 bxc6 8. Bd3 e5 9. O-O O-O 10. Qc2 d6 11. h3 Be6 12. Be3 Qa5 13. Rfd1 Bc5 14. Qe2 Rab8 15. Rab1 Bd4 16. Bd2 Qc7 17. b4 Nd7 18. a4 a5 19. bxa5 Qxa5 20. Nd5 Qxa4 21.
Ne7+ Kh8 22. Be3 Rxb1 23. Rxb1 Nc5 24. Bc2 Qxc4 25. Qxc4 Bxc4 26. Nxc6 Ne6 27. Rd1 Bc5 28. Bxc5 dxc5 29. Nxe5 Be2 30. Rd2 Nd4 31. Nd7 Rd8 32. Ne5 Kg8 33. Bd3 Bxd3 34. Nxd3 c4 35. Ne1 f6 36. Kf1 Kf7 37. Rd1 Ke7 38. Rc1 Nb3 39. Rc3 Rc8 40. Ke2 Kd6 41. Nc2 Kc5 42. Ne3 Kb4 43. Nd5+ Ka3 44. Ne3 Kb4 45. Nd5+ Kb5 46.
Ne3 Na5 47. Nd5 Rc5 48. Rc1 Nb3 49. Rc3 Nd4+ 50. Kd2 Nc6 51. Nc7+ Kb6 52. Nd5+ Ka5 53. Ne3 Kb4 54. Nd5+ Kb5 55. Nc7+ Ka5 56. Nd5 Ne5 57.
f4 Nd7 58. Ne3 Nb6 59. Ra3+ Kb4 60. Nc2+ Kb5 61. Nd4+ Kb4 62. Nc2+ Kb5 63. Nd4+ Kb4 64. Nc2+ 1/2-1/2

[Event "Early-Titled-Tuesday-Blitz-February-20-2024"]
[Site "Chess.com"]
[Date "2024.02.20"]
[Round "8"]
[White "profedechess93"]
[Black "secrethawk1"]
[Result "0-1"]
[WhiteElo "2611"]
[BlackElo "2472"]
[TimeControl "180+1"]
[EndTime "9:31:48 PST"]
[Termination "secrethawk1 won by checkmate"]

1. e4 e6 2. d4 d5 3. Nc3 dxe4 4.
Nxe4 Nf6 5. Nxf6+ Qxf6 6. Nf3 Bd6 7. Bg5 Qg6 8. Bd3 Qh5 9. Qe2 Nc6 10. d5 Ne5 11. Nxe5 Qxg5 12. Bb5+ c6 13. dxc6 O-O 14. Nf3 Qxg2 15. O-O-O Bf4+ 16. Kb1 bxc6 17. Bxc6 Rb8 18. Rhg1 Qh3 19. Rd4 Qf5 20. Be4 Qf6 21. c3 e5 22.
Rdd1 Bf5 23. Ka1 Rfd8 24. Rxd8+ Rxd8 25. h4 Bg6 26. a3 Bh5 27. Qc4 h6 28. Qc7 a6 29. Qa5 Rb8 30. Qc7 Qb6 31. Qxb6 Rxb6 32. Ne1 Rd6 33. Nd3 Kf8 34. Nc5 g6 35. f3 f5 36. Bc2 Be3 37. Re1 Bxc5 38. Rxe5 Bb6 39. Ba4 Bxf3 40. Re8+ Kf7 41. Rb8 Bc7 42. Rc8 Bb6 43.
Bb3+ Ke7 44. c4 Bd4 45. c5 Rc6 46. Rg8 Bxc5 47. Rb8 Kf6 48. Ka2 Ke5 49. Ba4 Bd5+ 50. b3 Rb6 51. Re8+ Kf4 52. Re2 Bf3 53. Rc2 Be3 54.
Rc4+ Kg3 55. Rc2 f4 56. h5 gxh5 57. Rc3 Rd6 58. b4 Rd2+ 59. Kb3 Bd1+ 60. Kc4 Bxa4 61. b5 Bxb5+ 62. Kb4 Rb2+ 63. Ka5 h4 64. Rc8 Bd3 65. Rg8+ Kf3 66. a4 Bd2# 0-1

[Event "Early-Titled-Tuesday-Blitz-February-20-2024"]
[Site "Chess.com"]
[Date "2024.02.20"]
[Round "8"]
[White "DarZay"]
[Black "tarno17"]
[Result "1-0"]
[WhiteElo "2309"]
[BlackElo "2135"]
[TimeControl "180+1"]
[EndTime "9:31:48 PST"]
[Termination "DarZay won by checkmate"]

1. e4 c5 2. Nf3 e6 3. d4 cxd4 4. Nxd4 a6 5. c4 Nf6 6. Nc3 Bb4 7. Bd3 Qc7 8. Qb3 Bc5 9. Nf3 Nc6 10. O-O h6 11. Na4 Be7 12. Nb6 Rb8 13. Be3 O-O 14. c5 d6 15. cxd6 Bxd6 16. Nc4 Bf4 17. e5 Bxe3 18.
exf6 Bf4 19. fxg7 Kxg7 20. Qc3+ f6 21. g3 Bd6 22. Rad1 Bb4 23. Qc2 Bd7 24. a3 Be7 25. Nh4 Be8 26. Ng2 f5 27. Nf4 Bf7 28. Rfe1 Nd4 29.
Qc3 Bf6 30. Qd2 Nf3+ 31. Kg2 Nxd2 32. Rxd2 Rbd8 33. Nxe6+ Bxe6 34. Rxe6 Rfe8 35. Rxe8 Rxe8 36. Ne3 Qc6+ 37. Kh3 Bg5 38. Nxf5+ Kf6 39. Rc2 Qe6 40. g4 Rd8 41. Bc4 Qe5 42. Re2 Qf4 43. Re6+ Kf7 44.
Re4+ Kg6 45. Rxf4 Bxf4 46. Ne7+ Kh7 47. Nd5 Rc8 48. b3 b5 49. Bd3+ Kg8 50. Nxf4 Rc3 51. b4 Rxa3 52. f3 a5 53. bxa5 b4 54. Bc4+ Kg7 55.
a6 b3 56. Nd3 b2 57. Nxb2 Ra1 58. Kg2 Kf6 59. Nd3 Ke7 60. f4 Kd6 61. f5 Kc7 62.
f6 Kd6 63. f7 Ke7 64. Ne5 Kf8 65. Ng6+ Kg7 66. f8=Q+ Kxg6 67. Qf7+ Kg5 68. Qf5+ Kh4 69. Qh5# 1-0

[Event "Early-Titled-Tuesday-Blitz-February-20-2024"]
[Site "Chess.com"]
[Date "2024.02.20"]
[Round "8"]
[White "Colombiano07"]
[Black "Kobalia"]
[Result "0-1"]
[WhiteElo "2467"]
[BlackElo "2800"]
[TimeControl "180+1"]
[EndTime "9:31:49 PST"]
[Termination "Kobalia won by resignation"]

1. e4 c5 2. Nc3 Nc6 3. Bb5 Nd4 4. Nf3 Nxb5 5. Nxb5 a6 6. Nc3 d6 7. d4 cxd4 8. Qxd4 Bg4 9. Bg5 Qa5 10. h4 h6 11. Bd2 Nf6 12. O-O-O Rc8 13. Kb1 Qc5 14. Qd3 e6 15. Be3 Qc4 16. Bf4 e5 17. Bc1 Be7 18. Qxc4 Rxc4 19. Rde1 b5 20. Nd2 Rc8 21. f3 Be6 22.
Nf1 b4 23. Na4 Bd8 24. Ne3 Bd7 25. b3 Bxa4 26. bxa4 O-O 27. Rd1 Rc6 28. Nf5 Nh5 29. g4 Nf4 30. Bxf4 exf4 31. Rxd6 Rxd6 32. Nxd6 Bc7 33.
Nc4 Rd8 34. Kb2 a5 35. Kb3 g6 36. Rh2 Kg7 37. h5 Rd1 38. hxg6 Rb1+ 39. Nb2 Be5 40.
gxf7 Rxb2+ 41. Kc4 Kxf7 42. Rh5 Bg7 43. Rxa5 Rxc2+ 44. Kxb4 Rxa2 45. Ra7+ Kg6 46. a5 Rf2 47. a6 Rb2+ 48.
Kc4 Ra2 49. Kb5 Bd4 50. Rd7 Be3 51. Rd6+ Kg5 52. Rd5+ Kh4 53. e5 Kg3 54. e6 Rb2+ 55.
Kc4 Rb8 56. e7 Re8 57. Rd7 Kxf3 58. a7 Bxa7 59. Rxa7 Kxg4 60. Kd5 f3 61. Ke6 f2 62.
Ra4+ Kg3 63. Ra3+ Kg2 64. Ra2 h5 65. Kf7 Rxe7+ 66. Kxe7 h4 67. Kf6 h3 68. Kf5 h2 0-1

[Event "Early-Titled-Tuesday-Blitz-February-20-2024"]
[Site "Chess.com"]
[Date "2024.02.20"]
[Round "8"]
[White "Polish_fighter3000"]
[Black "MatthewG-p4p"]
[Result "1-0"]
[WhiteElo "3057"]
[BlackElo "2890"]
[TimeControl "180+1"]
[EndTime "9:31:53 PST"]
[Termination "Polish_fighter3000 won by resignation"]

1. b3 e5 2. Bb2 Nc6 3. c4 Nf6 4. Nf3 e4 5. Nd4 Nxd4 6. Bxd4 Be7 7. Nc3 O-O 8. Qc2 Re8 9. Nxe4 d5 10. cxd5 Bf5 11.
Nxf6+ Bxf6 12. Bxf6 Qxf6 13. Qc3 Qd6 14. f3 Qxd5 15.
e4 Bxe4 16. fxe4 Qxe4+ 17. Kf2 Rad8 18. h4 Qf4+ 19. Kg1 Rxd2 20. Rh3 Qf2+ 21. Kh2 Re4 22. Qg3 Qd4 23. Rc1 h5 24. Rc4 Qd5 25. Rxe4 Qxe4 26.
Qxc7 g6 27. Qc8+ Kh7 28. Qc7 Rf2 29. Kg1 Qe1 30. Qc4 Rf5 31. Qe2 Qb4 32. a4 Qd4+ 33.
Qe3 Qd1 34. Rf3 Qd7 35. Bc4 Rxf3 36. Qxf3 Kg7 37. g3 b6 38. Qc3+ Kh7 39. Qe5 Qd1+ 40. Kf2 Qd2+ 41. Kf3 Qd1+ 42. Ke4 Qg4+ 43. Kd5 Qd7+ 44.
Qd6 Qb7+ 45. Kd4 Kg7 46. Bd5 Qc8 47. Qe5+ Kh7 48. Bxf7 Qd7+ 49. Bd5 Qd8 50. Qf4 Qh8+ 51. Kc4 Qc8+ 52. Kd3 Qd8 53. Qf7+ Kh6 54. Kd4 Qh8+ 55. Ke4 Qc8 56. Qf4+ Kh7 57. Ke5 Qc7+ 58. Ke6 Qc8+ 59. Ke7 Qc5+ 60. Qd6 Qe3+ 61. Kf8 Qf2+ 62. Bf7 Qf5 63. Ke7 a5 64. Bxg6+ Qxg6 65. Qxg6+ Kxg6 66. Ke6 Kg7 67. Kf5 Kh6 68. Kf6 b5 69. axb5 1-0

[Event "Early-Titled-Tuesday-Blitz-February-20-2024"]
[Site "Chess.com"]
[Date "2024.02.20"]
[Round "8"]
[White "Statham_01"]
[Black "joshdaruca"]
[Result "1-0"]
[WhiteElo "2579"]
[BlackElo "2761"]
[TimeControl "180+1"]
[EndTime "9:31:56 PST"]
[Termination "Statham_01 won by resignation"]

1. e4 c5 2. Nc3 Nc6 3. Bb5 Nd4 4.
Nf3 a6 5. Bd3 Nc6 6. O-O e6 7.
b3 d6 8. Bb2 Nf6 9. e5 dxe5 10.
Ne4 Nb4 11. Nxe5 Nxd3 12. Nxf6+ gxf6 13. Nxd3 Rg8 14. Qf3 Be7 15. Rfe1 Bd7 16. Qxb7 Rc8 17. Qxa6 Bc6 18. Nf4 Bd6 19. Nh5 Rxg2+ 20. Kf1 Rxh2 21.
Nxf6+ Kf8 22. Ke2 Bg3 23. Rf1 Bh4 24. Ng4 Rg2 25. Ne3 Rh2 26. Rae1 Qd7 27. Kd1 Ra8 28. Qc4 Rxa2 29. Qxc5+ Be7 30. Qc3 f6 31. Kc1 e5 32. d3 Bf3 33. Nc4 Qa7 34. Kd2 Qb8 35.
Kc1 Bb4 36. Nxe5 Bxc3 37. Nd7+ Kf7 38. Nxb8 Rxb2 39. Nc6 Rh5 40. Nd8+ Kg7 41. Rg1+ Rg5 42. Ne6+ Kg6 43. Nxg5 fxg5 44. Re6+ Kf5 45. Ra6 g4 46. Ra4 Bf6 47. Ra5+ Kf4 48. Ra4+ Kg5 49. Ra5+ Kg6 50. Ra6 h5 51. Rxf6+ Kxf6 52. Kxb2 h4 53. b4 h3 54.
b5 h2 55. Re1 h1=Q 56. Rxh1 Bxh1 57. c4 Ke5 58. Kc3 Kd6 59. d4 Bb7 60. Kd3 Bf3 61. Ke3 Kc7 62. c5 Bg2 63. Kf4 Bf1 64. b6+ Kc6 65. Kxg4 Ba6 66. Kf5 Kd5 67. Kf6 Bb7 68. Ke7 Kxd4 69. Kd6 1-0

[Event "Early-Titled-Tuesday-Blitz-February-20-2024"]
[Site "Chess.com"]
[Date "2024.02.20"]
[Round "8"]
[White "CarlosjPineror"]
[Black "ChessArchitect64"]
[Result "1-0"]
[WhiteElo "2579"]
[BlackElo "2238"]
[TimeControl "180+1"]
[EndTime "9:32:00 PST"]
[Termination "CarlosjPineror won on time"]

1. e4 e6 2. d4 d5 3. e5 c5 4. c3 Nc6 5. Nf3 cxd4 6. cxd4 Bd7 7. a3 Nge7 8. b4 a6 9. Bd3 Nf5 10. Bxf5 exf5 11. Nc3 Be6 12. Bg5 Be7 13. Bxe7 Qxe7 14. Rc1 O-O 15. O-O Rac8 16. Na4 Rfe8 17. Qd2 h6 18. h4 Na7 19. Nc5 b6 20. Nd3 Qb7 21. h5 Rxc1 22. Rxc1 Rc8 23. Nf4 Rc6 24. Re1 Qc8 25.
Re2 Rc1+ 26. Kh2 Nb5 27. a4 Na3 28. Qb2 Qc3 29. Nd3 Qxd3 30. Qxc1 Qxe2 31. Qxa3 f4 32. Qc1 Qe4 33. Qd2 Bg4 34. Ne1 Qf5 35. f3 Qxh5+ 36. Kg1 Be6 37. Qxf4 Qg6 38. Qd2 Qb1 39. a5 b5 40. Kf2 Qb3 41. Nd3 Qc4 42. Nc5 Bc8 43. Ke3 h5 44. Kf2 h4 45. Kg1 h3 46. g4 Kh7 47. Kf2 h2 48. Kg2 h1=Q+ 49. Kxh1 Qf1+ 50. Kh2 Qxf3 51. Qg2 Qf4+ 52. Qg3 Qxd4 53. Qh4+ Kg8 54. Qd8+ Kh7 55. Qh4+ Kg8 56. Qd8+ Kh7 57. Qxc8 Qf2+ 58. Kh3 Qf3+ 59. Kh4 Qh1+ 60. Kg5 Qc1+ 61. Kh4 Qh1+ 62. Kg3 Qg1+ 63. Kf3 Qf1+ 64. Ke3 Qe1+ 65. Kd4 Qxb4+ 66. Kxd5 Qd2+ 67. Kc6 Qg2+ 68. Kb6 b4 69. Qxa6 Qd5 70. Qd3+ Qxd3 71. Nxd3 b3 72. a6 b2 73. Nxb2 1-0

[Event "Early-Titled-Tuesday-Blitz-February-20-2024"]
[Site "Chess.com"]
[Date "2024.02.20"]
[Round "8"]
[White "Casablanca"]
[Black "ContrVersia"]
[Result "1/2-1/2"]
[WhiteElo "2624"]
[BlackElo "2830"]
[TimeControl "180+1"]
[EndTime "9:32:06 PST"]
[Termination "Game drawn - insufficient material"]

1. d4 Nf6 2. Bg5 c5 3. Nc3 cxd4 4. Qxd4 Nc6 5. Qh4 d6 6. e4 e6 7.
O-O-O Be7 8. f4 Qa5 9. Nf3 a6 10. Qe1 h6 11. Bh4 b5 12. e5 dxe5 13. fxe5 Nd7 14.
Bxe7 Nxe7 15. Ne4 Qxe1 16. Nd6+ Kf8 17. Rxe1 Nf5 18. Nxf5 exf5 19. e6 fxe6 20. Rxe6 Kf7 21. Rd6 Re8 22. Bd3 Nc5 23. Re1 Nxd3+ 24. Rxd3 Rxe1+ 25. Nxe1 Be6 26. Nf3 b4 27. a3 a5 28. g3 Rc8 29.
axb4 axb4 30. Nd4 Bd7 31. c3 g5 32. Kd2 bxc3+ 33. Rxc3 Rb8 34. Rc7 Ke8 35. Kc3 Rb6 36.
Rc5 Rf6 37. Re5+ Kd8 38. Kd3 Kc7 39. b4 f4 40. Rc5+ Kb6 41. gxf4 Rxf4 42. Rd5 Kc7 43. Rc5+ Kd6 44. Nb5+ Bxb5+ 45. Rxb5 Rh4 46. Ke3 Rxh2 47. Kf3 Rh4 48. Kg3 Kc6 49. Rc5+ Kb6 50. Rf5 Kc6 51.
b5+ Kb6 52. Rd5 Rh1 53. Re5 Ka5 54. Rd5 Rg1+ 55. Kh2 Rg4 56. Kh3 Rh4+ 57. Kg3 Rb4 58. b6+ Ka6 59. b7 Rxb7 60. Rd6+ Rb6 61. Rd5 Kb7 62. Kg4 Kc7 63. Kh5 Rd6 64. Rc5+ Kd7 65. Re5 Re6 66. Rd5+ Ke7 67. Ra5 Kf7 68. Ra7+ Ke8 69.
Rg7 Kf8 70. Rh7 Kg8 71. Ra7 Rf6 72. Rb7 Rf7 73. Rb6 Rg7 74. Rxh6 g4 75. Rf6 g3 76. Rf1 g2 77. Rg1 Rh7+ 78. Kg4 Rg7+ 79.
Kf3 Kf7 80. Ke3 Rg6 81. Kf2 Kf6 82. Rxg2 Rxg2+ 83. Kxg2 1/2-1/2

[Event "Early-Titled-Tuesday-Blitz-February-20-2024"]
[Site "Chess.com"]
[Date "2024.02.20"]
[Round "8"]
[White "Leonid_Starozhilov"]
[Black "zajka-molotok"]
[Result "1-0"]
[WhiteElo "2684"]
[BlackElo "2509"]
[TimeControl "180+1"]
[EndTime "9:32:08 PST"]
[Termination "Leonid_Starozhilov won by resignation"]

1. e4 c5 2. Nf3 Nc6 3. Bb5 g6 4.
Nc3 Bg7 5. O-O Nd4 6. a4 e6 7.
Nxd4 cxd4 8. Ne2 a6 9. Bd3 Ne7 10. c3 Nc6 11. Rb1 O-O 12. b4 Ne5 13. Qc2 Nxd3 14.
Qxd3 dxc3 15. dxc3 Qc7 16. a5 d5 17. Be3 dxe4 18.
Qxe4 Bd7 19. Bc5 Rfe8 20. Rbd1 Bc6 21. Qe3 Rad8 22. Nd4 Qe5 23. Qg3 Qxg3 24. hxg3 Bd5 25. Rfe1 e5 26. Nf3 f6 27. Bb6 Rd7 28. c4 Bc6 29. Rxd7 Bxd7 30. Rd1 Be6 31. Nd2 Re7 32. Ne4 Rd7 33. Rxd7 Bxd7 34. Nd6 Bc6 35. b5 axb5 36.
cxb5 Bd5 37. a6 bxa6 38. bxa6 Kf8 39. Bc5 Ke7 40. Nf5+ Kf7 41. Nd6+ Ke6 42. Nb5 Kd7 43. a7 Ba8 44. Nc3 Kc6 45. Be3 Kb7 46. f3 Bf8 47. Nd5 f5 48. Nf6 h5 49. Nd7 Bd6 50. f4 e4 51. Ne5 Bxe5 52. fxe5 Kc6 53. Bf4 Kd5 54. Kf2 Kc6 55. Be3 Kd5 56. Bf4 g5 57. Bxg5 Kxe5 58. Ke3 Kd5 59. Kf4 Ke6 60. Bd8 Bb7 61. Bb6 Ba8 62.
Be3 Bb7 63. Kg5 Ba8 64. Kxh5 Ke5 65. Kg5 Ke6 66. Kf4 Kf6 67. g4 fxg4 68. Kxg4 Kg6 69. Kf4 Kf6 70. g4 Kg6 71. g5 Kh5 72. Kf5 Bb7 73. Kf6 Ba8 74. g6 Bd5 75. g7 Kg4 76. a8=Q 1-0